AoeStats
← Boy_Hu

Black Forest

505827645Analyzed
2v2 RM · 21d ago on Sep 11, 2026· 48m 8s· 4 players
Game mode
Random Map
Map size
Medium (4 player)
Population
200
Speed
Normal
Resources
Standard
Victory
Conquest
Starting age
Dark Age
Ending age
Imperial Age
RankedLock teamsTeams togetherTeam positionsShared explorationLock speedFull tech treeHidden civsTurbo modeCheats
Victory
Defeat
🇹🇼 Turks · Taiwan
1036
+16
🇹🇷 Mongols · Türkiye
1013
+14
🇨🇳 Teutons · China
983
-15
🇨🇳 Muisca · China
937
-12
AroNe1
0:36 Loom
11:35 Feudal Age
15:59 Castle Age
13:43 Horse Collar
13:51 Double-Bit Axe
19:12 Bow Saw
19:07 Heavy Plow
25:10 Stone Mining
25:11 Gold Mining
27:55 Wheelbarrow
27:05 Town Watch
27:34 Squires
31:54 Imperial Age
29:40 Hand Cart
31:39 Fervor
32:41 Forging
32:32 Scale Mail Armor
32:22 Fletching
32:20 Treadmill Crane
33:41 Chemistry
33:01 Ballistics
32:53 Masonry
32:39 Murder Holes
33:49 Two-Man Saw
33:23 Conscription
33:08 Elite Temple Guard
36:55 Bodkin Arrow
37:12 Town Patrol
38:26 Hoardings
38:02 Bracer
38:38 Iron Casting
38:18 Chain Mail Armor
40:45 Elite Guecha Warrior
43:15 Padded Archer Armor
46:38 Siege Engineers
46:43 Masonry
RedPhos
0:55 Loom
14:43 Feudal Age
19:38 Castle Age
19:05 Double-Bit Axe
19:02 Horse Collar
Boy_Hu
0:26 Loom
13:26 Feudal Age
14:35 Double-Bit Axe
17:44 Castle Age
28:49 Town Watch
30:40 Padded Archer Armor
31:29 Fletching
35:06 Bow Saw
40:16 Imperial Age
38:13 Leather Archer Armor
40:19 Wheelbarrow
40:10 Murder Holes
41:13 Fortified Wall
46:29 Gold Mining
46:30 Stone Mining
49:15 Gold Shaft Mining
İmraHor
4:34 Loom
11:36 Feudal Age
16:31 Castle Age
14:20 Double-Bit Axe
14:27 Horse Collar
15:28 Fletching
21:35 Heavy Plow
21:59 Padded Archer Armor
24:00 Wheelbarrow
25:52 Bodkin Arrow
27:27 Bow Saw
27:34 Leather Archer Armor
28:21 Hand Cart
33:04 Imperial Age
30:58 Gold Mining
31:18 Scale Barding Armor
31:25 Thumb Ring
32:33 Chain Barding Armor
35:19 Chemistry
34:17 Onager
35:13 Bracer
36:06 Elite Mangudai
36:37 Siege Onager
Connection lost

Rejoining the realm…

Still unreachable

The connection could not be restored.

Session expired

The server has moved on; the page needs a fresh start.